 Dungeon Crawl Stone Soup version 0.20-a0-2-g2b0e13a (webtiles) character file.

1603 graymark the Covert (level 8, -5/55 (56) HPs)
             Began as an Octopode Assassin on Oct 29, 2016.
             Slain by an orc warrior
             ... wielding a +0 trident
              (14 damage)
             ... on level 7 of the Dungeon.
             The game lasted 00:16:50 (6972 turns).

graymark the Covert (Octopode Assassin)             Turns: 6972, Time: 00:16:50

HP:   -5/55 (56)    AC:  1    Str: 11    XL:     8   Next: 94%
MP:   8/8           EV: 16    Int: 13    God:
Gold: 268           SH:  0    Dex: 15    Spells: 0 memorised, 7 levels left

rFire  . . .     SeeInvis .     a - +2 dagger
rCold  . . .     Gourm    .     (no shield)
rNeg   . . .     Faith    .     (helmet restricted)
rPois  .         Spirit   .     (no amulet)
rElec  .         Reflect  .     (no ring)
rCorr  .         Harm     .     (no ring)
MR     .....                    (no ring)
Stlth  +++++.....               (no ring)
                                (no ring)
                                (no ring)
                                (no ring)
                                (no ring)

@: no status effects
A: almost no armour, stealthy swim, amphibious, 8 rings, constrict 8, camouflage
1, gelatinous body 1
a: no special abilities


You were on level 7 of the Dungeon.
You were not hungry.

You visited 2 branches of the dungeon, and saw 8 of its levels.

You collected 268 gold pieces.

Inventory:

Hand Weapons
 a - a +2 dagger (weapon)
 b - a +0 blowgun
 s - a +0 hunting sling
Missiles
 c - 5 poisoned needles
 d - 2 curare-tipped needles
 k - 20 sling bullets
 A - 2 tomahawks (quivered)
Magical Staves
 y - an uncursed staff of air
Scrolls
 e - 4 scrolls of fear
 h - 2 scrolls of amnesia {unknown}
 j - 2 scrolls of recharging {unknown}
 m - a scroll of remove curse
 o - a scroll of blinking {unknown}
 r - 2 scrolls of teleportation
 u - a scroll of magic mapping {unknown}
 w - 6 scrolls of identify {unknown}
 x - a scroll of enchant armour {unknown}
Potions
 g - 4 potions of curing {unknown}
 l - 2 potions of haste {unknown}
 n - a potion of might {unknown}
 p - a potion of ambrosia {unknown}
 q - a potion of degeneration {unknown}
 t - a potion of agility {unknown}
 B - 2 potions of brilliance {unknown}
 C - 2 potions of heal wounds {unknown}
 D - a potion of invisibility {unknown}
 E - a potion of berserk rage {unknown}
Books
 i - a book of Callings

   Spells                             Type                      Level
   a - Summon Small Mammal            Summoning                    1
   b - Call Imp                       Summoning                    2
   c - Call Canine Familiar           Summoning                    3
   d - Summon Guardian Golem          Hexes/Summoning              3
   e - Summon Lightning Spire         Summoning/Air                4
   f - Summon Ice Beast               Ice/Summoning                4
 z - a book of Flames

   Spells                             Type                      Level
   a - Flame Tongue                   Conjuration/Fire             1
   b - Throw Flame                    Conjuration/Fire             2
   c - Conjure Flame                  Conjuration/Fire             3
   d - Inner Flame                    Hexes/Fire                   3
   e - Sticky Flame                   Conjuration/Fire             4
   f - Fireball                       Conjuration/Fire             5
Comestibles
 f - 5 bread rations
 v - 3 fruits
 F - a meat ration
 G - 9 chunks of flesh


   Skills:
 + Level 5.5 Fighting
 + Level 6.0 Short Blades
 - Level 2.0 Throwing
 + Level 5.6 Dodging
 + Level 9.2 Stealth


You had 7 spell levels left.
You didn't know any spells.

Dungeon Overview and Level Annotations

Branches:
Dungeon (7/15)             Temple (1/1) D:5

Altars:
Ashenzari
Cheibriados
Dithmenos
Elyvilon
Fedhas
Hepliaklqana
Kikubaaqudgha
Makhleb
Qazlal
Ru
Sif Muna
Trog
Uskayaw
Vehumet
Xom
Yredelemnul
Zin
The Shining One


Innate Abilities, Weirdness & Mutations

You cannot wear most types of armour.
You are very stealthy in the water. (Stealth+)
You are amphibious.
You can wear up to eight rings at the same time.
You can use your tentacles to constrict eight enemies at once.
Your skin changes colour to match your surroundings (Stealth+).
Your rubbery body absorbs attacks. (AC +1, EV +1)


Message History

A bullfrog and an orc come into view.
The orc warrior shouts!
Found an elf skeleton.
There is an open door here.
The orc shouts!
You close the door.
An orc warrior opens the door.
There is an open door here.
The orc warrior closely misses you.
The orc warrior hits you from afar with a trident.
There is a stone staircase leading up here.
The orc warrior hits you with a trident!!
You hit the orc warrior but do no damage.
Your grab misses the orc warrior. You squeeze the orc warrior.
The orc warrior is lightly wounded.
The orc warrior hits you from afar with a trident!!
* * * LOW HITPOINT WARNING * * *
There is a stone staircase leading up, spattered with blood here.
The orc warrior hits you from afar with a trident!
You die...

#.......# ##.....##
####..### ##.......#
##...####..)......
####......o'...>.....
#.....^.####.........
#.##o...# ##.......#
#.##o##.# ##.....##
#.......# ##o..##
####@#### ##'## #.#
#.# #.# #.# #..
........# ###
#.รท.##..o ## #.o..
##...o #o.... #..###


You could see an orc warrior and an orc.

Vanquished Creatures
  The ghost of graymark the Sneak, an amateur OpAs of Gozag (D:5)
  2 necrophages
  3 ogres
  A centaur (D:7)
  2 bullfrogs
  A howler monkey (D:4)
  A centaur zombie (D:7)
  2 hounds (D:7)
  4 orc priests
  A bullfrog skeleton (D:7)
  2 iguanas
  An orc wizard (D:4)
  6 worker ants
  A hound zombie (D:6)
  A hound skeleton (D:5)
  A worker ant zombie (D:7)
  A howler monkey skeleton (D:6)
  12 adders
  A shadow imp (D:7)
  An adder skeleton (D:4)
  2 worms
  A dart slug (D:2)
  5 leopard geckos
  11 orcs
  2 ball pythons (D:3)
  5 giant cockroaches
  8 goblins
  7 hobgoblins
  24 jackals
  4 quokkas
  3 bats
  6 frilled lizards
  10 kobolds
  A quokka skeleton (D:6)
  10 rats
144 creatures vanquished.

Notes
Turn   | Place    | Note
-------+----------+-------------------------------------------
     0 | D:1      | graymark the Octopode Assassin began the quest for the Orb.
     0 | D:1      | Reached XP level 1. HP: 14/14 MP: 1/1
   280 | D:1      | Reached XP level 2. HP: 19/19 MP: 2/2
  1073 | D:2      | Reached XP level 3. HP: 20/25 MP: 3/3
  1162 | D:2      | Found a white marble altar of Elyvilon.
  1244 | D:2      | Found a basalt altar of Yredelemnul.
  1414 | D:2      | Reached XP level 4. HP: 29/30 MP: 4/4
  1703 | D:3      | Found a shadowy altar of Dithmenos.
  1848 | D:3      | Reached skill level 6 in Stealth
  1848 | D:3      | Reached XP level 5. HP: 36/36 MP: 5/5
  1871 | D:3      | Found a blossoming altar of Fedhas.
  3235 | D:4      | Reached XP level 6. HP: 42/42 MP: 6/6
  3797 | D:4      | Found a snail-covered altar of Cheibriados.
  3856 | D:4      | Noticed a dagger
  3857 | D:4      | Noticed a hand axe
  3857 | D:4      | Found a hide-covered altar of Uskayaw.
  4254 | D:4      | Reached XP level 7. HP: 27/46 MP: 7/7
  4442 | D:4      | Found a deep blue altar of Sif Muna.
  4610 | D:4      | Reached skill level 7 in Stealth
  4691 | D:5      | Entered Level 5 of the Dungeon
  5231 | D:5      | Noticed graymark's ghost (amateur OpAs)
  5516 | D:5      | Killed graymark's ghost
  5516 | D:5      | Reached skill level 5 in Short Blades
  5516 | D:5      | Reached XP level 8. HP: 38/54 MP: 8/8
  5669 | D:5      | Found a staircase to the Ecumenical Temple.
  5673 | Temple   | Entered the Ecumenical Temple
  5968 | D:6      | Reached skill level 8 in Stealth
  6377 | D:6      | Reached skill level 5 in Dodging
  6708 | D:7      | Reached skill level 5 in Fighting
  6882 | D:7      | Reached skill level 9 in Stealth
  6972 | D:7      | Slain by an orc warrior

Vault maps used:
D:1:      co_arrival_square_in_a_square_in_a_square
D:2:      old_standard_altar, lemuel_crystal_altar, minmay_domino_2
D:3:      fedhas_altar_4, nicolae_dithmenos_shadow_blocks,
          kennysheep_small_spiral, st_stairs_11, hangedman_feature_mirror,
          columned_hall_lemuel
D:4:      marbit_many_paths, nicolae_overflow_crystal_walls,
          dancing_weapons_uskayaw
D:5:      first_bread
D:7:      grunt_ogre_cave, sigmund_army
Temple:   grunt_temple_mini_profane

Skill      XL: |  1  2  3  4  5  6  7  8 |
---------------+-------------------------+-----
Dodging        | 2 3 4 5 |  5.6
Short Blades   | 3 4 5 6 |  6.0
Stealth        | 6 7 9 |  9.2
Fighting       | 3 4 5 |  5.5
Throwing       | |  2.0

Action                   |  1- 3 |  4- 6 |  7- 9 || total
-------------------------+-------+-------+-------++-------
Melee: Dagger            |    62 |   140 |   132 ||   334
       Constrict         |    16 |    33 |    27 ||    76
       Tentacles         |    11 |    32 |    29 ||    72
 Fire: Blowgun           |       |    10 |     9 ||    19
       Hunting sling     |       |     5 |       ||     5
  Use: Scroll            |       |     1 |     2 ||     3
 Stab: Sleeping          |    12 |    14 |    16 ||    42
       Distracted        |       |     1 |       ||     1
  Eat: Chunk             |     1 |     9 |     9 ||    19
Armor: Skin              |     3 |     9 |     5 ||    17
Dodge: Dodged            |    36 |    69 |    79 ||   184
